 Dungeon Crawl Stone Soup version 0.18-a0-1673-gaded821 (webtiles) character file.

49 Geomchi the Caller (level 3, -7/16 HPs)
             Began as a Vine Stalker Summoner on Apr 1, 2016.
             Splashed by Ijyb's acid (9 damage)
             ... on level 2 of the Dungeon.
             The game lasted 00:03:03 (1582 turns).

Geomchi the Caller (Vine Stalker Summoner)          Turns: 1582, Time: 00:03:03

Health: -7/16      AC: -1    Str: 10    XL:     3   Next: 75%
Magic:  0/8        EV: 12    Int: 16    God:
Gold:   103        SH:  0    Dex: 14    Spells: 3 memorised, 2 levels left

rFire  . . .     SeeInvis .     h - -2 short sword (curse)
rCold  . . .     Gourm    .     a - +0 robe
rNeg   . . .     Faith    .     (no shield)
rPois  .         Spirit   +     (no helmet)
rElec  .         Dismiss  .     l - +0 cloak
rCorr  .         Reflect  .     (no gloves)
SustAt .         Harm     .     (no boots)
MR     .....                    (no amulet)
Stlth  ++........               (no ring)
                                (no ring)

@: corroded, not resistant to hostile enchantments, unstealthy
A: fangs 2, regeneration 1, magic shield, antimagic bite, no device heal 3, rot
immunity
a: no special abilities


You were on level 2 of the Dungeon.
You were not hungry.

You visited 1 branch of the dungeon, and saw 2 of its levels.

You collected 103 gold pieces.

Inventory:

Hand Weapons
 d - a +0 dagger
 h - a cursed -2 short sword (weapon)
Armour
 a - a +0 robe (worn)
 l - a +0 cloak (worn)
Scrolls
 e - 2 scrolls of remove curse {unknown}
 i - a scroll of random uselessness {unknown}
 k - a scroll of amnesia {unknown}
Potions
 f - a potion of haste {unknown}
 g - a potion of curing {unknown}
 j - 2 potions of heal wounds {unknown}
 m - a potion of brilliance {unknown}
Books
 b - a book of Callings

   Spells                             Type                      Level
   a - Summon Small Mammal            Summoning                    1
   b - Call Imp                       Summoning                    2
   c - Call Canine Familiar           Summoning                    3
   d - Summon Guardian Golem          Hexes/Summoning              3
   e - Summon Lightning Spire         Summoning/Air                4
   f - Summon Ice Beast               Ice/Summoning                4
Comestibles
 c - a bread ration {@e1}
 n - 3 chunks of flesh {@w0}


   Skills:
 - Level 1.5 Dodging
 - Level 2.4 Stealth
 + Level 3.0 Spellcasting
 + Level 4.8 Summonings


You had 2 spell levels left.
You knew the following spells:

 Your Spells              Type           Power        Failure   Level  Hunger
a - Summon Small Mammal   Summ           ###.         2%          1    #......
b - Call Imp              Summ           ###.....     4%          2    ##.....
c - Call Canine Familiar  Summ           ###.....     10%         3    ###....


Dungeon Overview and Level Annotations

Branches:
Dungeon (2/15)

Altars:
Qazlal

Annotations:
D:2 Ijyb


Innate Abilities, Weirdness & Mutations

You have extremely sharp teeth.
Your natural rate of healing is unusually fast.
When hurt, damage is shared between your health and your magic reserves.
Your bite disrupts and absorbs the magic of your enemies.
Potions and wands cannot restore your health.
You are immune to rotting.


Message History

You now have 5/8 mp.
A shadowy apparition takes form in the air.
You now have 3/8 mp.
A metallic apparition takes form in the air.
Your iron imp says, "Let's spread havoc!"
You now have 1/8 mp.
Ijyb zaps a wand.
The bolt of acid hits your iron imp. The acid corrodes your iron imp!
Your iron imp dies!
The bolt of acid misses your hound. The bolt of acid misses you.
It is a wand of acid.
Ijyb zaps a wand.
The bolt of acid hits your hound.
Your hound dies!
Your hound's corpse disappears in a puff of smoke!
The bolt of acid hits you!
Ouch! That really hurt!
* * * LOW HITPOINT WARNING * * *
The acid corrodes you!
The acid burns!
Ouch! That really hurt!
You die...

#.# #.# . #.###### ##.
#.#....# #.. #....#.###
#S# ..#..#..># #g#
#.#..###.# #ยง#
.....###.######.#######.
#.##..........5.@.%.(...
#.#####......###########
#.# #.......# #.#
##+####..# #.# #.# # .#
# .# # # ..


You could see Ijyb, an adder and a friendly shadow imp.

Vanquished Creatures
  An ooze (D:1)
  A worm (D:2)
  2 bats (D:1)
  3 goblins
  A ball python (D:1)
  A giant newt (D:2)
  3 kobolds (D:1)
  4 rats
16 creatures vanquished.

Vanquished Creatures (collateral kills)
  2 adders
  A dart slug (D:2)
  A giant gecko (D:1)
  A giant cockroach (D:1)
  3 goblins (D:1)
  4 hobgoblins
  A jackal (D:2)
  3 kobolds
  2 bats
  A giant newt (D:1)
  4 rats (D:1)
23 creatures vanquished.

Grand Total: 39 creatures vanquished

Notes
Turn   | Place    | Note
--------------------------------------------------------------
     0 | D:1      | Geomchi the Vine Stalker Summoner began the quest for the Orb.
     0 | D:1      | Reached XP level 1. HP: 9/9 MP: 4/4
   142 | D:1      | Reached XP level 2. HP: 12/13 MP: 6/6
   207 | D:1      | Learned a level 2 spell: Call Imp
   507 | D:1      | Reached XP level 3. HP: 16/16 MP: 2/7
   517 | D:1      | Learned a level 3 spell: Call Canine Familiar
  1037 | D:2      | Found a stormy altar of Qazlal.
  1501 | D:2      | Found a faded altar to an unknown god.
  1577 | D:2      | Noticed Ijyb
  1582 | D:2      | Splashed by Ijyb's acid

Vault maps used:
D:1:      matt_arrival_diagonals, roderic_three_in_a_row, st_stairs_4
D:2:      grunt_qazlal_sundering, ecumenical_altar_1,
          minmay_misc_feat_more_columns, minmay_door_square, minivault_25,
          kennysheep_another_room, uniq_iyjb

Skill      XL: |  1  2  3 |
---------------+----------+-----
Spellcasting   | 3 |  3.0
Dodging        | |  1.5
Stealth        | |  2.4
Summonings     | |  4.8

Action                   || total
-------------------------++-------
Melee: Dagger            ||    31
       Short sword       ||    56
 Cast: Summon Small Mamm ||    32
       Call Imp          ||    13
       Call Canine Famil ||     5
 Stab: Sleeping          ||     2
  Eat: Chunk             ||     4
